 Dungeon Crawl Stone Soup version 0.28-a0-1513-ge4f4046303 (webtiles) character file.

Game seed: 1513300230727558596

3929 Destapler the Covert (level 10, 0/53 HPs)
             Began as a Spriggan Brigand on Jan 16, 2022.
             Was a Believer of Wu Jian.
             Slain by an orc knight (26 damage)
             ... in a bailey.
             The game lasted 00:37:32 (7032 turns).

Destapler the Covert (Spriggan Brigand)             Turns: 7032, Time: 00:37:32

Health: 0/53       AC:  5    Str:  7    XL:     10   Next: 1%
Magic:  13/13      EV: 25    Int: 14    God:    Wu Jian [**....]
Gold:   381        SH:  0    Dex: 26    Spells: 9/9 levels left

rFire   + . .      SeeInvis +   a - +9 mace of Okhishok {spect, rN+}
rCold   . . .      Faith    .   (no shield)
rNeg    + . .      Spirit   .   F - +0 robe
rPois   +          Reflect  .   (helmet restricted)
rElec   .          Harm     .   A - +2 cloak {rPois}
rCorr   +          Rampage  .   (gloves unavailable)
Will    +....      Clarity  +   (boots unavailable)
Stlth   ++++......              r - amulet of the acrobat
HPRegen 0.17/turn               j - +6 ring of dexterity
MPRegen 0.13/turn               c - ring of resist corrosion

@: unable to read, very quick
A: very small, no large weapons, unfitting armour, see invisible, speed 3,
clarity, fire resistance 1, inability to read while threatened
a: Renounce Religion, Wall Jump


You were in a bailey.
You worshipped Wu Jian.
Wu Jian was pleased with you.
You visited 1 branch of the dungeon, and saw 7 of its levels.
You also visited: Bailey.

You collected 381 gold pieces.

Inventory:

Hand Weapons
 a - the +9 mace of Okhishok (weapon) {spect, rN+}
   (You found it on level 5 of the Dungeon)

   When its wielder attacks, the weapon's spirit leaps out and strikes again.
   The spirit shares a part of any damage it takes with its wielder.
   rN:        It protects you from negative energy.
 b - a +2 dagger of draining
 z - a +2 dagger
Missiles
 C - a curare-tipped dart (quivered)
Armour
 i - a scarf of shadows
 l - a +0 cloak
 A - a +2 cloak of poison resistance (worn)
 F - a +0 robe (worn)
Jewellery
 c - a ring of resist corrosion (right hand)
 f - an amulet of regeneration
 j - a +6 ring of dexterity (left hand)
 n - a ring of magical power
 p - a ring of poison resistance
 q - a ring of protection from fire
 r - an amulet of the acrobat (around neck)
Wands
 h - a wand of paralysis (9)
 s - a wand of flame (10)
 t - a wand of mindburst (14)
 w - a wand of acid (2)
 y - a wand of iceblast (12)
Scrolls
 x - a scroll of acquirement {unknown}
 B - 4 scrolls of fear
 E - a scroll of fog
Potions
 e - 2 potions of attraction
 g - a potion of cancellation
 k - a potion of curing
 m - a potion of mutation
 o - 4 potions of flight
 u - a potion of degeneration {unknown}
 G - a potion of brilliance {unknown}
 H - 5 potions of haste {unknown}
 I - a potion of might {unknown}


   Skills:
 + Level 6.6 Fighting
 - Level 6.0 Short Blades
 * Level 2.8 Maces & Flails
 + Level 4.8 Throwing
 - Level 2.0 Armour
 + Level 7.9 Dodging
 - Level 8.0 Stealth
 + Level 3.5 Invocations
 + Level 4.7 Evocations


You had 9 spell levels left.
You didn't know any spells.
Your spell library was empty.

Dungeon Overview and Level Annotations

Branches:
Dungeon (7/15)             Bailey (1/1)
 Temple: D:4-7

Altars:
Dithmenos
Makhleb
Qazlal
Sif Muna
Trog
Wu Jian
Xom
The Shining One

Shops:
D:2 *


Innate Abilities, Weirdness & Mutations

You are very small and have problems with some larger weapons.
You are too small for most types of armour.
You have supernaturally acute eyesight. (SInv)
You cover ground extremely quickly. (Speed+++)
You possess an exceptional clarity of mind.
Your flesh is heat resistant. (rF+)
You sometimes lose the ability to read scrolls when taking damage.


Message History

You spin to attack the orc knight, but your attack speed is too slow for a blow to land.
Your +9 mace of Okhishok {spect, rN+} misses the orc.
The orc knight hits you with a +0 trident!
You feel threatened and lose the ability to read scrolls!
* * * LOW HITPOINT WARNING * * *
Things that are here:
a +0 spear; a +0 scale mail The orc completely misses you.
There is an open door, spattered with blood here.
Things that are here:
a +4 halberd; a +0 scale mail; an orc corpse Unknown command.
Unknown command.
You kill the orc!
The Council accepts your kill.
You are too injured to fight recklessly!
Throw: 2 throwing nets
Press: ? - help, Q - select action, (/) - cycle Shift-Dir - straight line, f/p - orc knight
Aim: an orc knight, wielding a +0 trident and wearing a +0 plate armour (70% to hit)
You throw a throwing net.
The throwing net closely misses the orc knight.
Throw: throwing net
Press: ? - help, Q - select action, (/) - cycle Shift-Dir - straight line, f/p - orc knight
Aim: an orc knight, wielding a +0 trident and wearing a +0 plate armour (70% to hit)
You throw a throwing net.
The throwing net completely misses the orc knight.
You can read scrolls again.
You lunge at the orc knight.
You closely miss the orc knight.
Your +9 mace of Okhishok {spect, rN+} hits the orc knight.
The orc knight hits you with a +0 trident.
* * * LOW HITPOINT WARNING * * *
You lunge at the orc knight.
You sock the orc knight!
The orc knight is moderately wounded.
Your +9 mace of Okhishok {spect, rN+} hits the orc knight!
The orc knight hits you with a +0 trident.
* * * LOW HITPOINT WARNING * * *
You feel much better.
The orc knight hits you from afar with a +0 trident!!
You feel threatened and lose the ability to read scrolls!
You die...

############ ###
##.∩..)))...## ##..
#....))#.....######.o.
#.....###....#).)[#†)#
#∩.....8.....).((((..8
#....@###....#..))#..#
#......#.....######.o.
##.∩..§o(o..## ##..
############ ###


You could see an orc knight.

Vanquished Creatures
  Harold (D:6)
  A hornet (D:7)
  Prince Ribbit (D:7)
  A wyvern (D:7)
  7 orc warriors (Bailey)
  A black bear (D:4)
  2 necrophages
  5 ogres
  A centaur (D:5)
  2 bullfrogs
  A kobold brigand (D:6)
  2 water moccasin zombies (D:6)
  4 wights (D:6)
  A bullfrog zombie (D:5)
  A crimson imp (D:4)
  3 centaur zombies
  A bullfrog skeleton (D:5)
  3 hounds (D:5)
  4 jellies
  Crazy Yiuf (D:5)
  An orc priest (D:7)
  A centaur skeleton (D:4)
  Terence (D:1)
  2 iguanas
  An orc wizard (D:7)
  A hound skeleton (D:5)
  2 howler monkey zombies
  8 gnolls
  4 adders
  2 white imps
  2 ufetubi
  A dart slug (D:1)
  32 orcs
  8 ball pythons
  6 bats
  7 endoplasms
  2 giant cockroaches
  4 goblins
  4 hobgoblins
  2 jackals (D:1)
  4 quokkas
  2 frilled lizards
  11 kobolds
  4 rats
155 creatures vanquished.

Notes
Turn   | Place    | Note
-------+----------+-------------------------------------------
     0 | D:1      | Destapler the Spriggan Brigand began the quest for the Orb.
     0 | D:1      | Reached XP level 1. HP: 10/10 MP: 2/2
    78 | D:1      | Found a faded altar of an unknown god.
   274 | D:1      | Reached XP level 2. HP: 15/15 MP: 3/3
   286 | D:1      | Reached skill level 6 in Stealth
   885 | D:2      | Noticed Terence
   919 | D:1      | Killed Terence
   920 | D:1      | Reached XP level 3. HP: 15/18 MP: 4/4
  1048 | D:2      | Found Vobriyto's Assorted Antiques.
  1072 | D:2      | Reached XP level 4. HP: 7/23 MP: 5/5
  1150 | D:2      | Found a shimmering blue altar of Sif Muna.
  1511 | D:3      | Found a glowing golden altar of the Shining One.
  1544 | D:3      | Found a stormy altar of Qazlal.
  1781 | D:3      | Found an ornate altar of the Wu Jian Council.
  2400 | D:4      | Reached XP level 5. HP: 23/27 MP: 6/6
  2720 | D:4      | Noticed an ogre
  2729 | D:4      | Killed an ogre
  2746 | D:4      | Found a bloodstained altar of Trog.
  2766 | D:4      | Reached XP level 6. HP: 20/32 MP: 7/7
  2980 | D:4      | Reached skill level 5 in Dodging
  3083 | D:4      | Found a shimmering altar of Xom.
  3084 | D:4      | Found a burning altar of Makhleb.
  3156 | D:3      | Became a worshipper of the Wu Jian Council
  3413 | D:5      | Entered Level 5 of the Dungeon
  3935 | D:5      | Reached XP level 7. HP: 37/37 MP: 8/8
  4704 | D:5      | Found a runed translucent door.
  4705 | D:5      | Noticed Crazy Yiuf
  4707 | D:5      | Identified the +9 mace of Okhishok {spect, rN+}
  4724 | D:5      | Killed Crazy Yiuf
  4734 | D:5      | Identified the +0 mace "Okhlau" {elec, SInv}
  4946 | D:5      | Reached skill level 5 in Fighting
  4946 | D:5      | Reached skill level 5 in Short Blades
  5273 | D:6      | Reached XP level 8. HP: 41/44 MP: 9/9
  5294 | D:6      | Reached * piety under Wu Jian
  5295 | D:6      | Reached skill level 1 in Evocations
  5383 | D:6      | Reached skill level 1 in Invocations
  5572 | D:6      | Reached skill level 1 in Armour
  5820 | D:6      | Reached skill level 7 in Stealth
  6212 | D:7      | Gained mutation: You sometimes lose the ability to read
                  | scrolls when taking damage. [potion of mutation]
  6212 | D:7      | Gained mutation: You possess an exceptional clarity of
                  | mind. [potion of mutation]
  6212 | D:7      | Gained mutation: Your flesh is heat resistant. (rF+)
                  | [potion of mutation]
  6223 | D:7      | Found a shadowy altar of Dithmenos.
  6229 | D:7      | Noticed a hornet
  6232 | D:7      | Reached XP level 9. HP: 46/48 MP: 11/11
  6252 | D:7      | Noticed Harold
  6462 | D:6      | Killed Harold
  6463 | D:6      | Reached skill level 1 in Maces & Flails
  6679 | D:7      | Reached skill level 8 in Stealth
  6731 | D:7      | Noticed Prince Ribbit
  6735 | D:7      | Killed Prince Ribbit
  6747 | D:7      | Found a flagged portal.
  6756 | Bailey   | Entered a bailey
  6777 | Bailey   | Reached ** piety under Wu Jian
  6972 | Bailey   | Noticed an orc knight
  7010 | Bailey   | Reached XP level 10. HP: 16/53 MP: 13/13
  7030 | Bailey   | HP: 2/53 [orc knight (5)]
  7032 | Bailey   | Slain by an orc knight

Illustrated notes

Levels and vault maps discovered:
D:1:      saegor_arrival_simple_d, layout_basic,
          dreamdust_ecumenical_altar_statues, interstate_on_off
D:2:      layout_rooms, basic_altar, serial_shops, shop, uniq_terence
D:3:      layout_basic, grunt_qazlal_clouds, lemuel_doored_altar,
          lemuel_coloured_pillars_altar, minivault_26, minivault_4
D:4:      layout_rooms, kennysheep_mini_moat,
          grunt_temple_overflow_champion_of_chaos
D:5:      layout_gridville, uniq_crazy_yiuf_cottage
D:6:      layout_basic, kennysheep_generic_room_4
D:7:      layout_loops_corners, nicolae_dithmenos_shadow_blocks,
          minmay_temple_entry_junction_2, enter_bailey_6, uniq_harold,
          uniq_prince_ribbit1
Bailey:   bailey_polearm_5, bailey

Skill      XL: |  1  2  3  4  5  6  7  8  9 |
---------------+----------------------------+-----
Dodging        | 2 3 4 6 7 |  7.9
Stealth        | 6 7 8 |  8.0
Fighting       | 2 3 4 5 6 |  6.6
Short Blades   | 3 4 5 6 |  6.0
Throwing       | 3 4 |  4.8
Evocations     | 2 4 |  4.7
Invocations    | 2 3 |  3.5
Armour         | 1 2 |  2.0
Maces & Flails | 2 |  2.8

Action                   |  1- 3 |  4- 6 |  7- 9 | 10-12 || total
-------------------------+-------+-------+-------+-------++-------
Melee: Dagger            |    99 |   167 |    80 |       ||   346
       Punch             |       |     1 |    10 |       ||    11
       Mace              |       |       |   142 |     3 ||   145
Throw: Dart              |    12 |    34 |    50 |     1 ||    97
       Throwing net      |       |       |     2 |     3 ||     5
Invok: Lunge             |       |     7 |    46 |     2 ||    55
       Whirlwind         |       |       |    32 |     1 ||    33
Evoke: Wand              |       |     4 |     1 |       ||     5
  Use: Scroll            |       |     4 |     8 |       ||    12
       Potion            |       |     1 |     1 |     1 ||     3
 Stab: Sleeping          |    14 |    13 |     6 |       ||    33
       Distracted        |       |     2 |     2 |       ||     4
Armor: Robe              |     7 |    14 |    15 |       ||    36
Dodge: Dodged            |    59 |   169 |   269 |     3 ||   500

Table legend: (Time is in decaauts)
 A = Elapsed time spent in this place.
 B = Non-inter-level travel time spent in this place.
 C = Inter-level travel time spent in this place.
 D = Time resting spent in this place.
 E = Time spent auto-exploring this place.
 F = Levels seen in this place.
 G = Mean time per level.
                   A        B        C        D        E       F      G
               +--------+--------+--------+--------+--------+-----+--------+
         Total |   5352 |   5065 |    287 |    777 |   3044 |   8 |  669.0 |
       Dungeon |   5154 |   4867 |    287 |    777 |   2969 |   7 |  736.3 |
        Bailey |    197 |    197 |      0 |      0 |     74 |   1 |  197.0 |
               +--------+--------+--------+--------+--------+-----+--------+

Top non-repeatable levels by time:
     D:5: 1462 daAuts
     D:4: 1028 daAuts
     D:6: 951 daAuts
     D:3: 679 daAuts
     D:1: 549 daAuts
     D:2: 349 daAuts
  Bailey: 197 daAuts
     D:7: 132 daAuts
